 Dungeon Crawl Stone Soup version 0.21.1-1-g345015fe64 (webtiles) character file.

2600 Peloso the Slasher (level 9, -2/69 HPs)
             Began as a Demonspawn Fighter on May 13, 2018.
             Was a Believer of Okawaru.
             Slain by a hellwing (10 damage)
             ... on level 7 of the Dungeon.
             The game lasted 00:12:44 (6354 turns).

Peloso the Slasher (Demonspawn Fighter)             Turns: 6354, Time: 00:12:44

Health: -2/69      AC: 14    Str: 24    XL:     9   Next: 33%
Magic:  9/9        EV:  9    Int:  9    God:    Okawaru [**....]
Gold:   454        SH: 13    Dex: 14    Spells: 8/8 levels left

rFire    + + .     SeeInvis .   a - +0 long sword
rCold    . . .     Gourm    .   c - +2 shield
rNeg     . . .     Faith    +   x - +0 chain mail
rPois    .         Spirit   .   j - +2 hat
rElec    .         Reflect  .   C - +0 cloak
rCorr    .         Harm     .   n - +0 pair of gloves
MR       .....     Rnd*Tele +   (no boots)
Stlth    ..........             J - amulet of faith
HPRegen  0.21/turn              H - ring of teleportation (curse)
MPRegen  0.11/turn              p - ring of protection from fire

@: mighty
A: horns 2, repulsion field 1, fire resistance 1
a: Heroism, Renounce Religion


You were on level 7 of the Dungeon.
You worshipped Okawaru.
Okawaru was pleased with you.
You were hungry.

You visited 2 branches of the dungeon, and saw 8 of its levels.

You collected 454 gold pieces.

Inventory:

Hand Weapons
 a - a +0 long sword (weapon)
Missiles
 v - 60 bolts
Armour
 c - a +2 shield (worn)
 j - a +2 hat (worn)
 n - a +0 pair of gloves (worn)
 x - a +0 chain mail (worn)
 C - a +0 cloak (worn)
Jewellery
 k - an uncursed ring of positive energy
 p - a ring of protection from fire (right hand)
 r - an uncursed ring of wizardry
 H - a cursed ring of teleportation (left hand)
 J - an amulet of faith (around neck)
Wands
 b - a wand of clouds (4)
 N - a wand of flame (9)
Scrolls
 g - 2 scrolls of enchant weapon {unknown}
 h - 7 scrolls of teleportation {unknown}
 i - 10 scrolls of identify {unknown}
 l - 2 scrolls of amnesia {unknown}
 o - a scroll of noise {unknown}
 q - 6 scrolls of remove curse {unknown}
 w - 3 scrolls of fear {unknown}
 y - a scroll of enchant armour {unknown}
 D - a scroll of magic mapping {unknown}
 K - 2 scrolls of random uselessness {unknown}
 L - a scroll of blinking {unknown}
Potions
 d - a potion of might
 e - 2 potions of curing {unknown}
 m - 4 potions of degeneration {unknown}
 s - 2 potions of ambrosia {unknown}
 t - 3 potions of flight {unknown}
 u - 3 potions of haste {unknown}
 z - 2 potions of mutation {unknown}
 A - a potion of berserk rage {unknown}
 B - 2 potions of heal wounds {unknown}
 F - a potion of invisibility {unknown}
 G - a potion of lignification {unknown}
 M - a potion of resistance {unknown}
Books
 E - a book of Maledictions

   Spells                             Type                      Level
   a - Corona                         Hexes                        1
   b - Ensorcelled Hibernation        Hexes/Ice                    2
   c - Confuse                        Hexes                        3
   d - Tukima's Dance                 Hexes                        3
   e - Dazzling Spray                 Conjuration/Hexes            3
Comestibles
 f - 14 rations
 I - 2 chunks of flesh


   Skills:
 + Level 5.7 Fighting
 + Level 7.6 Long Blades
 + Level 5.2 Armour
 + Level 1.6 Dodging
 + Level 0.3 Stealth
 + Level 6.5 Shields
 + Level 0.4 Evocations


You had 8 spell levels left.
You didn't know any spells.

Dungeon Overview and Level Annotations

Branches:
Dungeon (7/15)             Temple (1/1) D:6

Altars:
Ashenzari
Cheibriados
Dithmenos
Elyvilon
Fedhas
Kikubaaqudgha
Okawaru
Qazlal
Ru
Sif Muna
Uskayaw
Vehumet
Yredelemnul
Zin
The Shining One

Shops:
D:7 [


Innate Abilities, Weirdness & Mutations

You have a pair of horns on your head.
You are surrounded by a mild repulsion field. (EV +2)
Your flesh is heat resistant. (rF+)


Message History

You block the hellwing's attack. x2
The hellwing hits you but does no damage. x2
Unknown command.
You closely miss the hellwing.
The hellwing is severely wounded.
You block the hellwing's attack. The hellwing hits you.
* * * LOW HITPOINT WARNING * * *
You block the hellwing's attack.
The hellwing hits you but does no damage.
You block the hellwing's attack. The hellwing hits you.
* * * LOW HITPOINT WARNING * * *
You slash the hellwing! Your headbutt misses the hellwing.
The hellwing is almost dead.
You block the hellwing's attack. x2
The hellwing hits you but does no damage. x2
Unknown command.
You closely miss the hellwing.
The hellwing is almost dead.
The hellwing hits you!
You die...

#..##. #.# #...# #..#≈#≈≈
##..... #.# #...# #....###
.......##.# #<..# #.......
..........#####...#######.#...
P......#......................
..P.!.4............§.....##...
....#.##4...5Z####...#####....
8 .. ######4###§§..§# ##...#
... #@##§§...§§##..... P..
#4#..§...§§.##.### 8.
#........§.....### .
####......_§§§.......
#......§§§..§§§...###
#.####§§§§..§§§##.###
#####.#####.§.§.§§###....
###........# #§..§.## #####
#..>....#### #§§.###### #


You could see 2 hellwings, a shadow imp and a centaur warrior skeleton.

Vanquished Creatures
  A centaur skeleton (D:7)
  A hippogriff (D:7)
  A yak (D:5)
  A water moccasin (D:5)
  A phantom (D:6)
  6 ogres
  A bullfrog (D:7)
  A water moccasin zombie (D:5)
  2 scorpions (D:4)
  A bullfrog zombie (D:5)
  2 centaur zombies
  3 hounds
  3 orc priests
  2 orc wizards
  5 worker ants
  2 hound zombies (D:5)
  A howler monkey zombie (D:5)
  8 adders
  3 gnolls
  8 river rats
  2 oozes
  5 worms
  13 orcs
  3 giant cockroaches
  6 hobgoblins
  5 jackals
  9 quokkas
  A ball python (D:4)
  7 bats
  8 frilled lizards
  5 goblins
  11 kobolds
  A leopard gecko zombie (D:5)
  26 rats
155 creatures vanquished.

Vanquished Creatures (others)
  A human (D:3)
1 creature vanquished.

Grand Total: 156 creatures vanquished

Notes
Turn   | Place    | Note
-------+----------+-------------------------------------------
     0 | D:1      | Peloso the Demonspawn Fighter began the quest for the Orb.
     0 | D:1      | Reached XP level 1. HP: 18/18 MP: 1/1
   590 | D:1      | Reached skill level 2 in Long Blades
   802 | D:2      | Noticed a worker ant
   805 | D:2      | Gained mutation: You are surrounded by a mild repulsion field. (EV +2) [demonic ancestry]
   805 | D:2      | Reached XP level 2. HP: 24/24 MP: 2/2
   808 | D:2      | Gained mutation: You have a pair of small horns on your head. [demonic ancestry]
   808 | D:2      | Reached XP level 3. HP: 26/29 MP: 3/3
  1215 | D:2      | Gained mutation: You have a pair of horns on your head. [demonic ancestry]
  1215 | D:2      | Reached XP level 4. HP: 27/35 MP: 4/4
  1387 | D:2      | Found a glowing silver altar of Zin.
  1802 | D:3      | Reached skill level 3 in Long Blades
  1808 | D:3      | Reached XP level 5. HP: 11/42 MP: 5/5
  2466 | D:3      | Found an ancient bone altar of Kikubaaqudgha.
  2469 | D:3      | Noticed a human
  2470 | D:3      | Killed a human
  2789 | D:4      | Reached XP level 6. HP: 40/48 MP: 6/6
  2841 | D:4      | Reached skill level 4 in Long Blades
  3426 | D:4      | Gained mutation: Your flesh is heat resistant. (rF+) [demonic ancestry]
  3426 | D:4      | Reached XP level 7. HP: 54/54 MP: 7/7
  3844 | D:5      | Entered Level 5 of the Dungeon
  3844 | D:5      | Found a shattered altar of Ashenzari.
  3881 | D:5      | Reached skill level 5 in Long Blades
  4204 | D:5      | Reached skill level 1 in Dodging
  4204 | D:5      | Reached XP level 8. HP: 12/61 MP: 8/8
  4498 | D:5      | Reached skill level 5 in Shields
  4499 | D:5      | Found a basalt altar of Yredelemnul.
  4499 | D:5      | Found a glowing golden altar of the Shining One.
  4503 | D:5      | Noticed a profane servitor
  4515 | D:5      | Noticed an angel
  4620 | D:5      | Reached skill level 6 in Long Blades
  4641 | D:5      | Reached skill level 5 in Fighting
  5264 | D:6      | Found a staircase to the Ecumenical Temple.
  5311 | Temple   | Entered the Ecumenical Temple
  5425 | Temple   | Became a worshipper of Warmaster Okawaru
  5974 | D:7      | Found Juahu's Antique Armour Shop.
  5977 | D:7      | Noticed a hippogriff
  5986 | D:7      | Killed a hippogriff
  6055 | D:7      | Found a shadowy altar of Dithmenos.
  6264 | D:7      | Reached skill level 7 in Long Blades
  6264 | D:7      | Reached XP level 9. HP: 64/68 MP: 9/9
  6305 | D:7      | Noticed a hellwing
  6307 | D:7      | Noticed a hellwing
  6327 | D:7      | Reached * piety under Okawaru
  6327 | D:7      | Reached skill level 5 in Armour
  6339 | D:7      | Reached ** piety under Okawaru
  6354 | D:7      | Slain by a hellwing

Skill      XL: |  1  2  3  4  5  6  7  8  9 |
---------------+----------------------------+-----
Long Blades    | 2 3 4 5 7 |  7.6
Shields        | 3 4 6 |  6.5
Armour         | 3 4 5 |  5.2
Fighting       | 4 5 |  5.7
Dodging        | 1 |  1.6
Stealth        | |  0.3
Evocations     | |  0.4

Action                   |  1- 3 |  4- 6 |  7- 9 || total
-------------------------+-------+-------+-------++-------
Melee: Long sword        |    93 |   197 |   322 ||   612
       Headbutt          |    11 |    33 |    77 ||   121
Evoke: Wand              |       |     1 |     1 ||     2
  Use: Potion            |       |       |     2 ||     2
  Eat: Chunk             |     1 |     7 |    10 ||    18
Armor: Scale mail        |    42 |    30 |       ||    72
       Chain mail        |       |    56 |   153 ||   209
Dodge: Dodged            |    35 |    68 |   122 ||   225
Block: Shield            |    54 |   121 |   253 ||   428
       Rpst.: Long sword |    15 |    25 |    31 ||    71
